Map: Central Protocol

Players

Snovski - Winner!

  • Race: Protoss Protoss
  • League: Master

Miszu

  • Race: Terran Terran
  • League: Grandmaster

VOD

Have the link to the VOD?

Description

Time

  • Played on: Feb. 7, 2016, 5:49 p.m.
  • Length: 5:18
Show
View Real Time Build Order
Export as new Build Order

Snovski Protoss - Winner!

Build Orders:  

Get SALT Encoding   

  12  0:01  Probe (Chrono Boost)  
  13  0:11  Probe (Chrono Boost)  
  14  0:17  Pylon  
  14  0:22  Probe (Chrono Boost)  
  16  0:35  Probe (Chrono Boost)  
  16  0:38  Gateway  
  16  0:44  Assimilator  
  16  0:46  Probe (Chrono Boost)  
  17  0:54  Assimilator  
  18  0:57  Probe (Chrono Boost)  
  18  1:07  Probe (Chrono Boost)  
  18  1:08  Gateway  
  19  1:18  Probe (Chrono Boost)  
  20  1:25  Cybernetics Core  
  20  1:28  Probe (Chrono Boost)  
  21  1:39  Probe (Chrono Boost)  
  22  1:41  Pylon  
  22  1:49  Probe (Chrono Boost)  
  23  2:00  Probe (Chrono Boost)  
  24  2:03  Stalker (Chrono Boost)  
  24  2:04  Stalker (Chrono Boost)  
  27  2:10  Warp Gate  
  29  2:31  Stalker (Chrono Boost)  
  29  2:32  Stalker (Chrono Boost)  
  29  2:34  Pylon  
  31  2:53  Pylon  
  33  2:59  Stalker (Chrono Boost)  
  33  3:01  Stalker (Chrono Boost)  
  37  3:13  Mothership Core  
  37  3:18  Robotics Facility  
  37  3:42  Gateway  
  37  3:44  Gateway  
  35  4:06  Immortal (Chrono Boost)  
  37  4:13  Gateway  
  37  4:16  Stalker  
  39  4:18  Stalker  
  41  4:41  Immortal (Chrono Boost)  
  42  4:57  Stalker x2  
  46  5:18  Stalker  
Show
View Real Time Build Order
Export as new Build Order

Miszu Terran 

Build Orders: Hellion Opening 

Get SALT Encoding   

  12  0:00  SCV  
  13  0:12  SCV  
  14  0:17  Supply Depot  
  14  0:25  SCV  
  15  0:35  Refinery  
  15  0:38  SCV  
  16  0:49  Barracks  
  16  0:51  SCV  
  17  1:03  SCV  
  18  1:15  SCV  
  19  1:28  SCV  
  20  1:37  Factory  
  20  1:40  Supply Depot, Orbital Command  
  20  1:43  Marine  
  21  2:01  Barracks Reactor  
  21  2:08  SCV  
  21  2:12  Supply Depot  
  22  2:20  SCV  
  23  2:24  Command Center  
  23  2:32  SCV  
  24  2:45  Factory, Hellion, SCV  
  24  2:46  Hellion  
  29  2:54  Barracks Reactor  
  29  2:57  SCV  
  30  3:06  Supply Depot, Hellion  
  30  3:08  Hellion  
  30  3:09  SCV  
  33  3:21  SCV  
  34  3:28  Hellion  
  34  3:29  Hellion  
  38  3:37  Hellion x2  
  38  3:38  SCV  
  40  3:49  Hellion  
  40  3:50  Hellion  
  41  3:58  Hellion  
  41  4:01  Hellion  
  43  4:07  SCV  
  44  4:11  Hellion  
  44  4:15  Engineering Bay  
  46  4:32  Hellion x3  
  52  4:42  Orbital Command  
  50  4:51  Hellion  
Tags
 
Add a new tag
Caveats
  • Supply blocks, unpowered buildings, or Contaminate may cause inaccurate times.
  • Supply counts are checked every 10 seconds.